 Dungeon Crawl Stone Soup version 0.25-a0-62-g88673ef095 (webtiles) character file.

Game seed: 3502539734077626348, levelgen mode: deterministic

144 iamserjio the Stinger (level 5, 0/36 HPs)
             Began as an Octopode Venom Mage on Nov 1, 2019.
             Slain by an orc
             ... wielding a +0 mace
              (6 damage)
             ... on level 3 of the Dungeon.
             The game lasted 00:03:08 (4015 turns).

iamserjio the Stinger (Octopode Venom Mage)         Turns: 4015, Time: 00:03:09

Health: 0/36       AC:  1    Str:  8    XL:     5   Next: 27%
Magic:  14/17      EV: 14    Int: 18    God:
Gold:   88         SH:  0    Dex: 12    Spells: 2/8 levels left

rFire    . . .     SeeInvis .   f - +0 short sword
rCold    . . .     Gourm    .   (no shield)
rNeg     . . .     Faith    .   (helmet restricted)
rPois    .         Spirit   .   (no amulet)
rElec    .         Reflect  .   i - ring of magical power
rCorr    .         Harm     .   (no ring)
MR       .....                  (no ring)
Stlth    +++.......             (no ring)
HPRegen  0.12/turn              (no ring)
MPRegen  0.15/turn              (no ring)
                                (no ring)
                                (no ring)

@: lethally poisoned (0 -> -4), very slightly contaminated
A: almost no armour, stealthy swim, amphibious, 8 rings, constrict 8, camouflage
1, gelatinous body 1
a: no special abilities


You were on level 3 of the Dungeon.
You were not hungry.

You visited 1 branch of the dungeon, and saw 3 of its levels.

You collected 88 gold pieces.

Inventory:

Hand Weapons
 d - a +0 hunting sling
 f - a +0 short sword (weapon)
Missiles
 g - 89 stones (quivered)
Jewellery
 i - a ring of magical power (left tentacle)
 k - an uncursed ring of ice {unknown}
Scrolls
 a - 8 scrolls of identify {unknown}
 n - a scroll of remove curse {unknown}
 o - a scroll of fog {unknown}
Potions
 c - a potion of agility {unknown}
 e - a potion of degeneration {unknown}
 h - a potion of curing {@q1}
 j - a potion of heal wounds {unknown}
 l - a potion of flight {unknown}
 p - a potion of haste {unknown}
 q - a potion of lignification {unknown}
Comestibles
 b - 5 rations
 m - 2 chunks of flesh


   Skills:
 * Level 2.8 Fighting
 * Level 3.3 Dodging
 - Level 2.6 Stealth
 + Level 2.2 Spellcasting
 - Level 1.0 Conjurations
 * Level 1.7 Air Magic
 + Level 3.9 Poison Magic


You had 2 spell levels left.
You knew the following spells:

 Your Spells              Type           Power        Failure   Level  Hunger
a - Sting                 Conj/Pois      ##..         6%          1    #......
b - Mephitic Cloud        Conj/Pois/Air  #.......     22%         3    ###....
c - Poisonous Vapours     Pois/Air       ##....       9%          2    ###....

Your spell library contained the following spells:

 Spells                   Type           Power        Failure   Level  Hunger
 Olgreb's Toxic Radiance  Pois           ###.....     34%         4    #####..
 Venom Bolt               Conj/Pois      ##........   87%         5    ######.


Dungeon Overview and Level Annotations

Branches:
Dungeon (3/15)

Altars:
Fedhas
Gozag
Hepliaklqana


Innate Abilities, Weirdness & Mutations

You cannot wear most types of armour.
You are very stealthy in the water. (Stealth+)
You are amphibious.
You can wear up to eight rings at the same time.
You can use your tentacles to constrict eight enemies at once.
Your skin changes colour to match your surroundings (Stealth+).
Your rubbery body absorbs attacks. (AC +1, EV +1)


Message History

You kill the orc!
You feel sick.
The kobold throws a poisoned dart.
The poisoned dart misses you.
Casting: Poisonous Vapours (safe; 9% risk of failure)
Aiming: Mephitic Cloud (safe; 22% risk of failure)
Aim: an orc, wielding a +0 mace and wearing a +0 ring mail You miscast Mephitic Cloud.
You are very lightly contaminated with residual magic.
You feel odd.
You hit the kobold. You grab the kobold. You constrict the kobold.
You feel sick. The kobold hits you with a +0 whip.
* * * LOW HITPOINT WARNING * * *
You hit the kobold.
You kill the kobold!
You hit the orc. Your grab misses the orc.
You feel sick. The orc hits you with a +0 mace.
* * * LOW HITPOINT WARNING * * *
You barely miss the orc. You grab the orc.
You constrict the orc, but do no damage.
The orc hits you with a +0 mace.
You die...

###.########.#.###
..........#.......
###.#####.# ...#.#
........#.# ....#
####.##.#.# #...#
#..#.##.#.# #...#
#..#.##.#.# #...#
#..#.##.#.# #.#o#
#..#.##.#.######@#
...#.##.#......#.#
.....##.........(#
......>#######.###
.รท...#.# #.#
#.##.#.#######.#
#.#............#
#<#..#.#########
#....#......#


You could see an orc.

Vanquished Creatures
  An orc wizard (D:3)
  4 adders
  An ooze (D:1)
  3 worms
  3 leopard geckos
  4 orcs (D:3)
  3 bats (D:1)
  2 giant cockroaches
  4 goblins (D:2)
  9 hobgoblins
  6 jackals
  A quokka (D:3)
  6 frilled lizards
  7 kobolds
  7 rats
61 creatures vanquished.

Notes
Turn   | Place    | Note
-------+----------+-------------------------------------------
     0 | D:1      | iamserjio the Octopode Venom Mage began the quest for the
                  | Orb.
     0 | D:1      | Reached XP level 1. HP: 11/11 MP: 3/3
   332 | D:1      | Reached skill level 1 in Fighting
   332 | D:1      | Reached XP level 2. HP: 10/18 MP: 5/5
  1090 | D:1      | Reached XP level 3. HP: 23/23 MP: 6/6
  1595 | D:1      | Learned a level 3 spell: Mephitic Cloud
  1598 | D:1      | Learned a level 2 spell: Poisonous Vapours
  1746 | D:2      | Found an opulent altar of Gozag.
  2247 | D:2      | Reached XP level 4. HP: 20/29 MP: 7/7
  2869 | D:2      | Reached skill level 1 in Air Magic
  3023 | D:2      | Found a blossoming altar of Fedhas.
  3893 | D:3      | Found a hazy altar of Hepliaklqana.
  4008 | D:3      | Reached XP level 5. HP: 14/36 MP: 8/8
  4015 | D:3      | Slain by an orc

Levels and vault maps discovered:
D:1:      dpeg_arrival_windows_large_door, layout_basic, minmay_split_cup_large
D:2:      layout_basic, lemuel_round_altar, grunt_gozag_statues
D:3:      layout_basic, lemuel_crystal_altar, minmay_fractal_squares_gapless_5

Skill      XL: |  1  2  3  4 |
---------------+-------------+-----
Fighting       | 1 2 |  2.8
Dodging        | 3 |  3.3
Air Magic      | 1 |  1.7
Stealth        | |  2.6
Spellcasting   | |  2.2
Conjurations   | |  1.0
Poison Magic   | |  3.9

Action                   |  1- 3 |  4- 6 || total
-------------------------+-------+-------++-------
Melee: Unarmed           |   102 |       ||   102
       Constrict         |    31 |    19 ||    50
       Tentacles         |    16 |     9 ||    25
       Short sword       |    29 |    67 ||    96
 Cast: Sting             |     1 |       ||     1
       Poisonous Vapours |     1 |       ||     1
  Use: Potion            |       |     1 ||     1
 Stab: Sleeping          |     9 |     3 ||    12
       Distracted        |       |     1 ||     1
  Eat: Chunk             |     4 |     6 ||    10
Armor: Skin              |    12 |     3 ||    15
Dodge: Dodged            |   101 |    31 ||   132

Table legend:
 A = Non-vault XP
 B = Vault XP
 C = Vault XP percentage of total XP
 D = Non-vault monster count
 E = Vault monster count
 F = Vault count percentage of total count
                 A         B        C        D         E       F
            +---------+---------+-------+---------+---------+-------
      Total |     201 |       6 |   2.9 |      57 |       4 |   6.6
            +---------+---------+-------+---------+---------+-------
        D:1 |      38 |       6 |  13.6 |      20 |       4 |  16.7
        D:2 |      61 |       0 |   0.0 |      24 |       0 |   0.0
        D:3 |     102 |       0 |   0.0 |      13 |       0 |   0.0
            +---------+---------+-------+---------+---------+-------
